 Dungeon Crawl Stone Soup version 0.27-a0-1202-ge72e49191c (webtiles) character file.

Game seed: 7141399736770544564

33 27snakeeyes612 the Skirmisher (level 3, -1/34 HPs)
             Began as a Naga Fighter on June 4, 2021.
             Slain by Jessica
             ... wielding a +0 club
              (7 damage)
             ... on level 2 of the Dungeon.
             The game lasted 00:00:46 (1404 turns).

27snakeeyes612 the Skirmisher (Naga Fighter)        Turns: 1404, Time: 00:00:46

Health: -1/34      AC:  5    Str: 19    XL:     3   Next: 29%
Magic:  3/3        EV:  5    Int:  8    God:
Gold:   43         SH:  8    Dex: 10    Spells: 2/2 levels left

rFire    . . .     SeeInvis +   a - +0 war axe
rCold    . . .     Faith    .   c - +0 kite shield
rNeg     . . .     Spirit   .   b - +0 scale mail
rPois    +         Reflect  .   k - +1 hat
rElec    .         Harm     .   (no cloak)
rCorr    .         Rampage  .   (no gloves)
Will     .....                  (no barding)
Stlth    ..........             (no amulet)
HPRegen  0.11/turn              (no ring)
MPRegen  0.08/turn              (no ring)

@: mighty, very slow
A: AC +1, large, see invisible, deformed body, poison resistance, slowness 2,
spit poison 1, naga tail 1
a: Spit Poison


You were on level 2 of the Dungeon.
You visited 1 branch of the dungeon, and saw 2 of its levels.

You collected 43 gold pieces.

Inventory:

Hand Weapons
 a - a +0 war axe (weapon)
Missiles
 h - a throwing net
Armour
 b - a +0 scale mail (worn)
 c - a +0 kite shield (worn)
 k - a +1 hat (worn)
Jewellery
 l - a ring of fire
 m - a +6 ring of dexterity
 n - a ring of protection from cold
Scrolls
 f - a scroll of enchant weapon {unknown}
 g - 2 scrolls of enchant armour {unknown}
 j - a scroll of teleportation {unknown}
 o - a scroll of vulnerability {unknown}
Potions
 e - a potion of magic {unknown}
 i - a potion of mutation {unknown}


   Skills:
 + Level 3.2 Fighting
 + Level 2.3 Axes
 + Level 2.6 Armour
 + Level 0.3 Dodging
 + Level 0.4 Stealth
 + Level 2.7 Shields


You had 2 spell levels left.
You didn't know any spells.
Your spell library was empty.

Dungeon Overview and Level Annotations

Branches:
Dungeon (2/15)

Altars:

Annotations:
D:2 Jessica


Innate Abilities, Weirdness & Mutations

Your serpentine skin is tough. (AC +1)
You have supernaturally acute eyesight. (SInv)
Armour fits poorly on your strangely shaped body.
Your system is resistant to poisons. (rPois)
You cover ground very slowly.
You can spit poison.
You have a snake-like lower body.


Message History

The dart slug launches a dart at you.
The slug dart hits you but does no damage.
Jessica casts a spell.
Jessica seems to speed up.
You feel very mighty all of a sudden. The dart slug launches a dart at you.
You block the slug dart.
You slash the dart slug!
You kill the dart slug!
You barely miss Terence.
Jessica shouts, "You are a ghastly nuisance!"
You block Terence's attack.
A hobgoblin comes into view.
Terence barely misses you.
You barely miss Terence.
The hobgoblin shouts!
Jessica shouts, "You're disturbing me!
I'll have to kill you!"
Jessica casts a spell.
Jessica blinks!
Terence hits you with a +0 mace.
You barely miss Terence. Terence hits you with a +0 mace!
You block Terence's attack.
You barely miss Terence. Terence hits you with a +0 mace.
Terence hits you but does no damage.
You slash Terence!
Terence is moderately wounded.
Terence hits you with a +0 mace.
* * * LOW HITPOINT WARNING * * *
You barely miss Terence.
Terence is moderately wounded.
Terence hits you but does no damage. Terence barely misses you.
You slash Terence!
Terence is almost dead.
Jessica mumbles some strange words.
Jessica blinks!
Terence hits you with a +0 mace.
* * * LOW HITPOINT WARNING * * *
You slice Terence!!
You kill Terence!
You barely miss Jessica. You block Jessica's attack.
Jessica hits you with a +0 club!
You die...

#.....# #........
#.....# #........
#.....### #........
###.......####........
#.......#....#........
#.#...†..###.....>....
#.####.#.####.........
###.# #.#.....#@######
#...####.#####..@#
......##.# #.#g#
......##.####..#.#
......#.......##§.
......#.#.######..
......#.#.# #...
..........# #...... .
........### ##..... .
......#.# ..#. #


You could see Jessica (fast) and a hobgoblin.

Vanquished Creatures
  Terence (D:2)
  A dart slug (D:2)
  2 ball pythons (D:1)
  3 endoplasms
  2 giant cockroaches (D:2)
  5 goblins
  2 hobgoblins
  3 jackals (D:2)
  A bat (D:1)
  3 frilled lizards
  2 kobolds
  5 rats
30 creatures vanquished.

Notes
Turn   | Place    | Note
-------+----------+-------------------------------------------
     0 | D:1      | 27snakeeyes612 the Naga Fighter began the quest for the
                  | Orb.
     0 | D:1      | Reached XP level 1. HP: 21/21 MP: 1/1
    81 | D:1      | Reached XP level 2. HP: 22/28 MP: 2/2
   326 | D:1      | Found a faded altar of an unknown god.
   968 | D:2      | Reached XP level 3. HP: 19/34 MP: 3/3
  1391 | D:2      | Noticed Terence
  1391 | D:2      | Noticed Jessica
  1404 | D:2      | Killed Terence
  1404 | D:2      | Slain by Jessica

Illustrated notes

Levels and vault maps discovered:
D:1:      ncdulo_watergridlock, layout_rooms,
          shapermc_ecumenical_altar_starsandcircs
D:2:      layout_rooms, uniq_terence, uniq_jessica

Action                   || total
-------------------------++-------
Melee: War axe           ||    89
  Use: Potion            ||     1
Armor: Scale mail        ||    52
Dodge: Dodged            ||    20
Block: Kite shield       ||    56

Table legend: (Time is in decaauts)
 A = Elapsed time spent in this place.
 B = Non-inter-level travel time spent in this place.
 C = Inter-level travel time spent in this place.
 D = Time resting spent in this place.
 E = Time spent auto-exploring this place.
 F = Levels seen in this place.
 G = Mean time per level.
                   A        B        C        D        E       F      G
               +--------+--------+--------+--------+--------+-----+--------+
         Total |   1708 |   1685 |     23 |      0 |   1427 |   2 |  854.0 |
       Dungeon |   1708 |   1685 |     23 |      0 |   1427 |   2 |  854.0 |
               +--------+--------+--------+--------+--------+-----+--------+

Top non-repeatable levels by time:
     D:1: 1134 daAuts
     D:2: 574 daAuts
